 Dungeon Sprint DCSS version bcrawl-1.12-10-g10a67aac0f (webtiles) character file.

Game seed: 1175152693450398674

17749 Groucho the Tortoise (level 12, -23/121 HPs)
             Began as a Minotaur Fighter on June 17, 2019.
             Was the Champion of Uskayaw.
             Killed from afar by an ice dragon (59 damage)
             ... with a blast of cold
             ... in the Dungeon (Sprint IX: "|||||||||||||||||||||||||||||").
             The game lasted 00:09:45 (3258 turns).

Groucho the Tortoise (Minotaur Fighter)             Turns: 3258, Time: 00:09:45

Health: -23/121    AC: 26    Str: 21    XL:     12   Next: 21%
Magic:  17/21      EV:  8    Int:  5    God:    Uskayaw [******]
Gold:   1400       SH: 22    Dex: 18    Spells: 11/11 levels left

rFire    . . .     SeeInvis .   p - +6 rapier (elec)
rCold    . . .     Gourm    .   q - +1 large shield
rNeg     . . .     Faith    .   I - +2 plate armour
rPois    .         Spirit   .   f - +0 hat
rElec    .         Reflect  .   H - +1 cloak
rCorr    .         Harm     .   a - +0 pair of gloves
MR       .....     NoTele   +   y - +0 pair of boots
Stlth    ..........             (no amulet)
HPRegen  0.30/turn              b - +3 ring of dexterity
MPRegen  0.17/turn              s - +2 ring of evasion

@: no status effects
A: retaliatory headbutt, horns 2
a: Stomp, Line Pass, Grand Finale, Renounce Religion


You were in the Dungeon.
You worshipped Uskayaw.
Uskayaw was pleased with you.
You were very hungry.

You visited 1 branch You collected 1930 gold pieces.
You spent 530 gold pieces at shops.

Inventory:

Hand Weapons
 p - a +6 rapier of electrocution (weapon)
 G - the +6 short sword of the Final Chapter {pierce, +Fly rElec Int+3 Dex-5}
   (You found it in the Dungeon)

   It inflicts extra damage upon your enemies.
   It affects your intelligence (+3).
   It affects your dexterity (-5).
   It insulates you from electricity.
   It lets you fly.
Armour
 a - a +0 pair of gloves (worn)
 f - a +0 hat (worn)
 q - a +1 large shield (worn)
 y - a +0 pair of boots (worn)
 H - a +1 cloak (worn)
 I - a +2 plate armour (worn)
Jewellery
 b - a +3 ring of dexterity (left hand)
 s - a +2 ring of evasion (right hand)
 C - an uncursed ring of poison resistance
 D - an uncursed ring of ice
 E - an uncursed ring of fire
 F - an uncursed ring of protection from magic
Wands
 o - a wand of iceblast (8)
Scrolls
 k - 4 scrolls of blinking
 m - 4 scrolls of remove curse
 n - 2 scrolls of amnesia
 v - 2 scrolls of identify
 x - 2 scrolls of fog
 z - 2 scrolls of enchant armour
Potions
 d - 5 potions of might
 e - 9 potions of curing
 g - 4 potions of heal wounds
 h - a potion of haste
 i - 5 potions of magic
 j - 4 potions of berserk rage
 l - a potion of invisibility
 r - a potion of degeneration
 t - a potion of mutation
 u - 4 potions of brilliance
 A - a potion of agility
 B - a potion of resistance
Comestibles
 w - 9 rations {!d}


   Skills:
 - Level 15.6 Fighting
 - Level 14.3 Short Blades
 + Level 16.9 Armour
 + Level 5.5 Stealth
 + Level 16.7 Shields
 + Level 4.0 Unarmed Combat
 + Level 13.5 Invocations


You had 11 spell levels left.
You didn't know any spells.
Your spell library was empty.

Dungeon Overview and Level Annotations

Branches:
Dungeon (1/1)

Altars:
Cheibriados
Dithmenos
Elyvilon
Fedhas
Gozag
Hepliaklqana
Kikubaaqudgha
Lugonu
Makhleb
Nemelex Xobeh
Okawaru
Qazlal
Ru
Sif Muna
Trog
Uskayaw
Vehumet
Wu Jian
Xom
Yredelemnul
Zin
The Shining One
Beogh
Jiyva

Shops:
D (}!:


Innate Abilities, Weirdness & Mutations

You reflexively headbutt those who attack you in melee.
You have a pair of horns on your head.


Message History

You stumble backwards!
You hit the ice dragon but do no damage.
The ice dragon is moderately wounded.
You block the ice dragon's attack.
The ice dragon claws you but does no damage.
You block the ice dragon's attack.
You hit the ice dragon but do no damage.
The ice dragon is moderately wounded.
You closely miss the ice dragon.
The ice dragon is moderately wounded.
You block the ice dragon's attack.
The ice dragon claws you but does no damage.
You block the ice dragon's attack.
Aiming: Line Pass
Press: ? - help, Dir - move target cursor Something unexpectedly blocked you, preventing you from passing!
You are feeling very hungry.
The ice dragon breathes frost at you. The blast of cold hits you!
You die...

▓▓▓▓▓▓▓▓▓▓▓▓▓▓▓▓▓▓▓▓▓▓▓▓▓▓
[..........[[...@DyC.r....
▓▓▓▓▓▓▓▓▓▓▓▓▓▓▓▓▓▓▓▓▓▓▓▓▓▓▓▓▓▓▓▓▓
.................................
▓▓▓▓▓▓▓▓▓▓▓▓▓▓▓▓▓▓▓▓▓▓▓▓▓▓▓▓▓▓▓▓▓
).))[..).).)).)∩.∩)∩)∩.....'.....
▓▓▓▓▓▓▓▓▓▓▓▓▓▓▓▓▓▓▓▓▓▓▓▓▓▓▓▓▓▓▓▓▓
........[.....................)..
▓▓▓▓▓▓▓▓▓▓▓▓▓▓▓▓▓▓▓▓▓▓▓▓▓▓▓▓▓▓▓▓▓
'.........†..†.........'...[[[..'


You could see an ice dragon, an ettin, a spark wasp and a rat.

Vanquished Creatures
  Gastronok (D)
  A stone giant (D)
  Josephine (D)
  2 hydras (D)
  An ogre mage (D)
  A cyclops (D)
  8 orc sorcerers (D)
  An orc knight (D)
  A manticore (D)
  An elephant (D)
  A black mamba (D)
  2 cane toads (D)
  A komodo dragon (D)
  A tengu conjurer (D)
  A troll (D)
  A slime creature (D)
  4 yaks (D)
  5 wraiths (D)
  A vampire mosquito (D)
  A basilisk (D)
  5 wargs (D)
  2 water moccasins (D)
  2 porcupines (D)
  2 acid dragons (D)
  A black bear (D)
  12 orc warriors (D)
  A necrophage (D)
  3 wolves (D)
  A boggart (D)
  A crocodile (D)
  A centaur (D)
  A big kobold (D)
  4 bullfrogs (D)
  A hound (D)
  3 orc priests (D)
  11 orc wizards (D)
  An adder (D)
  3 dart slugs (D)
  5 orcs (D)
  A bat (D)
  A bat skeleton (D)
  A giant cockroach (D)
  A jackal zombie (D)
  2 leopard gecko skeletons (D)
  A leopard gecko zombie (D)
  A rat (D)
104 creatures vanquished.

Notes
Turn   | Place    | Note
-------+----------+-------------------------------------------
     0 | D        | Groucho the Minotaur Fighter began the quest for the Orb.
     0 | D        | Reached XP level 1. HP: 19/19 MP: 0/0
    14 | D        | Reached XP level 2. HP: 20/28 MP: 1/1
    20 | D        | Noticed a necrophage
    25 | D        | Reached skill level 5 in Fighting
    25 | D        | Reached skill level 5 in Armour
    25 | D        | Reached skill level 5 in Shields
    25 | D        | Reached XP level 3. HP: 24/36 MP: 2/2
    32 | D        | Killed a necrophage
    32 | D        | Reached skill level 5 in Short Blades
    32 | D        | Reached XP level 4. HP: 31/45 MP: 3/3
    35 | D        | Reached XP level 5. HP: 36/51 MP: 4/4
    43 | D        | Found a roughly hewn altar of Beogh.
    43 | D        | Found a snail-covered altar of Cheibriados.
    43 | D        | Found a shadowy altar of Dithmenos.
    43 | D        | Found a white marble altar of Elyvilon.
    43 | D        | Found a blossoming altar of Fedhas.
    43 | D        | Found an opulent altar of Gozag.
    44 | D        | Found a hazy altar of Hepliaklqana.
    45 | D        | Found a viscous altar of Jiyva.
    46 | D        | Found an ancient bone altar of Kikubaaqudgha.
    47 | D        | Found a corrupted altar of Lugonu.
    48 | D        | Found a burning altar of Makhleb.
    49 | D        | Found a sparkling altar of Nemelex Xobeh.
    50 | D        | Found an iron altar of Okawaru.
    51 | D        | Found a stormy altar of Qazlal.
    52 | D        | Found a sacrificial altar of Ru.
    53 | D        | Found a deep blue altar of Sif Muna.
    54 | D        | Found a bloodstained altar of Trog.
    55 | D        | Found a hide-covered altar of Uskayaw.
    56 | D        | Found a radiant altar of Vehumet.
    57 | D        | Found an ornate altar of the Wu Jian Council.
    58 | D        | Found a shimmering altar of Xom.
    59 | D        | Found a basalt altar of Yredelemnul.
    60 | D        | Found a glowing silver altar of Zin.
    61 | D        | Found a glowing golden altar of the Shining One.
    63 | D        | Became a worshipper of Uskayaw the Reveler
   117 | D        | Noticed a centaur
   117 | D        | Noticed a black bear
   117 | D        | Noticed a six-headed hydra
   119 | D        | Reached * piety under Uskayaw
   122 | D        | Killed a centaur
   122 | D        | Reached ** piety under Uskayaw
   124 | D        | Reached *** piety under Uskayaw
   126 | D        | Reached **** piety under Uskayaw
   128 | D        | HP: 2/53 [six-headed hydra (4)]
   132 | D        | Killed a six-headed hydra
   132 | D        | Reached skill level 10 in Fighting
   132 | D        | Reached skill level 10 in Armour
   132 | D        | Reached skill level 10 in Shields
   132 | D        | Reached XP level 6. HP: 12/66 MP: 4/9
   132 | D        | Reached XP level 7. HP: 13/72 MP: 4/10
   136 | D        | Reached XP level 8. HP: 12/80 MP: 1/11
   136 | D        | Reached ***** piety under Uskayaw
   536 | D        | Noticed a manticore
   536 | D        | Noticed a cyclops
   544 | D        | Killed a manticore
   549 | D        | Reached skill level 10 in Short Blades
   559 | D        | Killed a cyclops
   559 | D        | Reached XP level 9. HP: 49/90 MP: 8/14
   927 | D        | Noticed a cane toad
   927 | D        | Noticed a komodo dragon
   930 | D        | Killed a cane toad
   940 | D        | Killed a komodo dragon
   946 | D        | Reached ****** piety under Uskayaw
  1038 | D        | Noticed an elephant
  1038 | D        | Noticed a black mamba
  1038 | D        | Noticed an eight-headed hydra
  1042 | D        | Noticed a cane toad
  1044 | D        | Killed an elephant
  1046 | D        | Reached XP level 10. HP: 101/101 MP: 14/16
  1046 | D        | Killed a black mamba
  1049 | D        | Killed a cane toad
  1049 | D        | Reached skill level 10 in Invocations
  1061 | D        | Killed an eight-headed hydra
  1576 | D        | Noticed Josephine
  1596 | D        | Killed Josephine
  1610 | D        | Reached XP level 11. HP: 92/111 MP: 18/18
  1894 | D        | Noticed Gastronok
  1908 | D        | Killed Gastronok
  1908 | D        | Reached skill level 15 in Fighting
  1908 | D        | Reached skill level 15 in Armour
  1908 | D        | Reached skill level 15 in Shields
  2301 | D        | Noticed an orc sorcerer
  2313 | D        | Killed an orc sorcerer
  2372 | D        | Noticed an orc knight
  2416 | D        | Killed an orc knight
  2507 | D        | Found Mozeaj's Weapon Emporium.
  2507 | D        | Noticed an orc sorcerer
  2507 | D        | Noticed an orc sorcerer
  2507 | D        | Noticed an orc sorcerer
  2512 | D        | Killed an orc sorcerer
  2512 | D        | Reached skill level 1 in Stealth
  2515 | D        | Found Gishad's Gadget Shoppe.
  2515 | D        | Noticed an orc sorcerer
  2520 | D        | Killed an orc sorcerer
  2521 | D        | Noticed an orc sorcerer
  2534 | D        | Killed an orc sorcerer
  2536 | D        | Found Hesor's Distillery.
  2536 | D        | Paralysed by an orc sorcerer for 2 turns
  2540 | D        | Killed an orc sorcerer
  2546 | D        | Killed an orc sorcerer
  2554 | D        | Found Liuq's Book Shoppe.
  2556 | D        | Noticed an orc sorcerer
  2557 | D        | Noticed an orc sorcerer
  2571 | D        | Killed an orc sorcerer
  2582 | D        | Killed an orc sorcerer
  2625 | D        | Bought a potion of heal wounds for 50 gold pieces
  2625 | D        | Bought 2 potions of might for 80 gold pieces
  2625 | D        | Bought a potion of curing for 30 gold pieces
  2625 | D        | Bought a potion of degeneration for 10 gold pieces
  2625 | D        | Bought a potion of agility for 40 gold pieces
  2625 | D        | Bought a potion of magic for 80 gold pieces
  2625 | D        | Bought a potion of curing for 30 gold pieces
  2625 | D        | Bought a potion of curing for 30 gold pieces
  2625 | D        | Bought a potion of resistance for 100 gold pieces
  2625 | D        | Bought 2 potions of might for 80 gold pieces
  3118 | D        | Got the +6 short sword of the Final Chapter {pierce, +Fly
                  | rElec Int+3 Dex-5}
  3209 | D        | Noticed an ogre mage
  3217 | D        | Killed an ogre mage
  3217 | D        | Reached skill level 1 in Unarmed Combat
  3217 | D        | Reached XP level 12. HP: 57/121 MP: 20/20
  3224 | D        | Noticed a stone giant
  3225 | D        | Noticed an ice dragon
  3231 | D        | Noticed a spark wasp
  3234 | D        | Noticed an ettin
  3246 | D        | Killed a stone giant
  3246 | D        | Reached skill level 5 in Stealth
  3258 | D        | Killed from afar by an ice dragon

Skill      XL: |  1  2  3  4  5  6  7  8  9 10 11 12 |
---------------+-------------------------------------+-----
Fighting       | 4 5 6 10 11 13 14 15 | 15.6
Armour         | 4 5 7 10 11 13 14 16 | 16.9
Shields        | 4 5 6 10 11 12 14 16 | 16.7
Short Blades   | 3 5 6 9 10 11 13 14 | 14.3
Invocations    | 6 8 9 11 13 | 13.5
Stealth        | 4 5 |  5.5
Unarmed Combat | 1 4 |  4.0

Action                   |  1- 3 |  4- 6 |  7- 9 | 10-12 || total
-------------------------+-------+-------+-------+-------++-------
Melee: Rapier            |    22 |    14 |    40 |   229 ||   305
       Headbutt          |     6 |     3 |    12 |    55 ||    76
Invok: Line Pass         |       |       |     2 |     6 ||     8
       Stomp             |       |       |       |     1 ||     1
Evoke: Wand              |       |     2 |       |       ||     2
  Use: Potion            |       |     2 |       |     2 ||     4
       Scroll            |       |       |     2 |     2 ||     4
 Stab: Paralysed         |       |     1 |     7 |    14 ||    22
       Confused          |       |       |     1 |     1 ||     2
  Eat: Chunk             |       |       |     1 |     1 ||     2
       Ration            |       |       |       |     2 ||     2
Armor: Scale mail        |     9 |    16 |     9 |    14 ||    48
       Plate armour      |       |       |       |    29 ||    29
Dodge: Dodged            |     2 |    12 |     9 |    40 ||    63
Block: Shield            |     4 |    12 |    18 |    56 ||    90
       Large shield      |       |       |       |    25 ||    25
